 Dungeon Crawl Stone Soup version 0.17-a0-1572-g7a1422d (webtiles) character file.

65 abixa the Chopper (level 4, -1/40 HPs)
             Began as a Hill Orc Berserker on July 25, 2015.
             Was a Believer of Trog.
             Killed from afar by an orc wizard (6 damage)
             ... with a magic dart
             ... on level 3 of the Dungeon.
             The game lasted 00:04:04 (1581 turns).

abixa the Chopper (Hill Orc Berserker)              Turns: 1581, Time: 00:04:04

Health: -1/40      AC:  7    Str: 19    XL:     4   Next: 13%
Magic:  4/4        EV: 10    Int:  7    God:    Trog [**....]
Gold:   116        SH:  0    Dex: 11    Spells: 0 memorised, 3 levels left

rFire  . . .     SeeInvis .     a - +0 hand axe
rCold  + . .     Clarity  .     q - +1 scale mail {rC+}
rNeg   . . .     SustAt   .     (no shield)
rPois  .         Gourm    .     (no helmet)
rElec  .         Spirit   .     (no cloak)
rCorr  .         Warding  .     (no gloves)
rMut   .         Stasis   .     (no boots)
MR     .....                    (no amulet)
Stlth  ..........               (no ring)
                                (no ring)

@: not resistant to hostile enchantments, extremely unstealthy
A: no striking features
a: Burn Spellbooks, Berserk, Trog's Hand, Renounce Religion


You were on level 3 of the Dungeon.
You worshipped Trog.
Trog was pleased with you.
You were not hungry.

You visited 1 branch of the dungeon, and saw 3 of its levels.

You collected 116 gold pieces.

Inventory:

Hand weapons
 a - a +0 hand axe (weapon)
 s - a +0 hunting sling
Missiles
 d - 19 poisoned needles
 i - 34 stones (quivered)
 k - 24 bolts
 o - 15 arrows
 p - 20 silver bolts
Armour
 q - a +1 scale mail of cold resistance (worn)
Scrolls
 f - a scroll of immolation {unknown}
 g - 3 scrolls of teleportation {unknown}
 h - 4 scrolls of identify {unknown}
 l - a scroll of magic mapping {unknown}
Potions
 b - a potion of resistance {unknown}
 m - a potion of mutation {unknown}
 n - 3 potions of might {unknown}
 r - a potion of cure mutation {unknown}
Comestibles
 c - 3 bread rations
 j - 2 beef jerkies


   Skills:
 - Level 4.0 Fighting
 + Level 5.9 Axes
 - Level 2.3 Armour
 - Level 1.7 Dodging


You had 3 spell levels left.
You didn't know any spells.

Dungeon Overview and Level Annotations

Branches:
Dungeon (3/15)

Altars:
Vehumet


Message History

Something tries to affect you, but you resist.
You hit something. Something hits you.
You hit something. Something hits you but does no damage.
You barely miss something. Something hits you.
You closely miss something. Something hits you but does no damage.
You miss something. Something hits you.
You closely miss something. Something hits you but does no damage.
You miss something.
You hear some strange, mumbled words.
A magic dart appears from out of thin air!
The magic dart hits you!
* * * LOW HITPOINT WARNING * * *
You closely miss something. Something hits you but does no damage.
You hit something. Something hits you but does no damage.
You barely miss something. Something hits you but does no damage.
You hit something but do no damage.
You hear some strange, mumbled words.
A magic dart appears from out of thin air!
The magic dart hits you!
You die...

##########################
#.........................
#.###############.#.######
#.# #.#.# #.#
#########.#.## #.####
#......@{o...# #....#
#.#######.#..# ##.##.#
#oo.o.....^..# #...#.#
#[####.#..##.# ##...#†#
#.#..# # ......[# #.# .#
.......# #.# .# .......#
#.# . .....#.... #.. ..


You could see an orc.

Vanquished Creatures
  2 adders
  An ooze (D:3)
  A worm (D:2)
  2 orcs (D:3)
  2 giant cockroaches
  5 goblins
  4 hobgoblins (D:1)
  3 jackals (D:1)
  3 kobolds
  A quokka (D:3)
  A ball python (D:1)
  9 bats
  A giant newt (D:1)
  4 rats
39 creatures vanquished.

Notes
Turn   | Place    | Note
--------------------------------------------------------------
     0 | D:1      | abixa the Hill Orc Berserker began the quest for the Orb.
     0 | D:1      | Reached XP level 1. HP: 19/19 MP: 1/1
    98 | D:1      | Reached XP level 2. HP: 21/27 MP: 2/2
   875 | D:2      | Reached skill level 5 in Axes
   875 | D:2      | Reached XP level 3. HP: 28/33 MP: 3/3
   956 | D:2      | Found a radiant altar of Vehumet.
  1326 | D:3      | Acquired Trog's second power
  1549 | D:3      | Reached XP level 4. HP: 27/40 MP: 4/4
  1581 | D:3      | Killed from afar by an orc wizard

Vault maps used:
D:1:      minmay_arrival_solitary_statue, minmay_misc_feat_nine_boxes
D:2:      vehumet_crystals
D:3:      first_bread

Action                   |  1- 3 |  4- 6 || total
-------------------------+-------+-------++-------
Melee: Hand axe          |   139 |    22 ||   161
Throw: Stone             |     1 |       ||     1
  Eat: Chunk             |     2 |       ||     2
